| TOP OF THE 1ST |
|
Milwaukee Brewers batting - Pitching for Miami Marlins : LHP Dan Tapley
|
|
Pitching: LHP Dan Tapley
|
|
|
Batting: SHB Pat Wilson
|
0-0: Ground out 3-1 (Groundball, 34, EV 83.8 MPH)
|
|
Batting: RHB Daniel Donovan
|
0-0: Ball 1-0: Called Strike 1-1: Fly out, F8 (Flyball, 8LXD, EV 101.9 MPH)
|
|
Batting: RHB Bobby Muniz
|
0-0: Ground out 6-3 (Groundball, 6, EV 81.2 MPH)
|
| Top of the 1st over - 0 runs, 0 hits, 0 errors, 0 left on base; Milwaukee 0 - Miami 0 |
| BOTTOM OF THE 1ST |
|
Miami Marlins batting - Pitching for Milwaukee Brewers : RHP Mekonen Mahfudh
|
|
Pitching: RHP Mekonen Mahfudh
|
|
|
Batting: RHB Jeff Garofalo
|
0-0: Ball 1-0: Ball 2-0: Fly out, F8 (Flyball, 8RXD, EV 103.8 MPH)
|
|
Batting: RHB Micah Christopher
|
0-0: Called Strike 0-1: Ball 1-1: Ball 2-1: Ball 3-1: Base on Balls
|
|
Batting: SHB Matt Altieri
|
0-0: Ball 1-0: Ball 2-0: Foul Ball, location: 2F 2-1: Foul Ball, location: 2F 2-2: Ball 3-2: Foul Ball, location: 2F 3-2: Fly out, F9 (Flyball, 9LS, EV 78.8 MPH)
|
|
Batting: LHB Andre Gorter
|
0-0: Foul Ball, location: 2F 0-1: Fly out, F9 (Flyball, 9D, EV 106.9 MPH)
|
| Bottom of the 1st over - 0 runs, 0 hits, 0 errors, 1 left on base; Milwaukee 0 - Miami 0 |
| TOP OF THE 2ND |
|
Milwaukee Brewers batting - Pitching for Miami Marlins : LHP Dan Tapley
|
|
Batting: RHB Yuichi Matsuoka
|
0-0: Foul Ball, location: 2F 0-1: Ball 1-1: Ball 2-1: Foul Ball, location: 2F 2-2: Foul Ball, location: 2F 2-2: Ball 3-2: Ground out 5-3 (Groundball, 56D, EV 100.6 MPH)
|
|
Batting: RHB Cody Flowers
|
0-0: Ball 1-0: SINGLE (Line Drive, 78S, EV 100.0 MPH)
|
|
Batting: LHB Jeremy Kuiper
|
0-0: Grounds into double play, 4-6-3 (Groundball, 34, EV 100.0 MPH)
|
| Top of the 2nd over - 0 runs, 1 hit, 0 errors, 0 left on base; Milwaukee 0 - Miami 0 |
| BOTTOM OF THE 2ND |
|
Miami Marlins batting - Pitching for Milwaukee Brewers : RHP Mekonen Mahfudh
|
|
Batting: RHB Jimmy Groseclose
|
0-0: Ball 1-0: Ball 2-0: Called Strike 2-1: SINGLE (Line Drive, 8RS, EV 100.0 MPH)
|
|
Batting: RHB Justin Huff
|
0-0: Ball 1-0: Ball 2-0: Grounds into double play, 4-6-3 (Groundball, 34, EV 107.5 MPH)
|
|
Batting: RHB Roger Salazar
|
0-0: Foul Ball, location: 2F 0-1: Ball 1-1: Fly out, F8 (Line Drive, 8LD, EV 103.8 MPH)
|
| Bottom of the 2nd over - 0 runs, 1 hit, 0 errors, 0 left on base; Milwaukee 0 - Miami 0 |
| TOP OF THE 3RD |
|
Milwaukee Brewers batting - Pitching for Miami Marlins : LHP Dan Tapley
|
|
Batting: SHB Jean-François Bernard
|
0-0: Ball 1-0: Foul Ball, location: 2F 1-1: Ground out 4-3 (Groundball, 4, EV 84.4 MPH)
|
|
Batting: RHB Noah Stanley
|
0-0: Ground out 6-3 (Groundball, 6MS, EV 83.8 MPH)
|
|
Batting: LHB Antonio Diaz
|
0-0: Foul Ball, location: 2F 0-1: Foul Ball, location: 2F 0-2: Hit by Pitch
|
|
Batting: SHB Pat Wilson
|
0-0: Called Strike 0-1: Ball 1-1: Ball 2-1: Called Strike 2-2: Ball 3-2: Base on Balls Antonio Diaz to second
|
|
Batting: RHB Daniel Donovan
|
0-0: DOUBLE (Groundball, 5L, EV 98.1 MPH) Antonio Diaz scores Pat Wilson to third
|
|
Batting: RHB Bobby Muniz
|
0-0: Ball 1-0: Called Strike 1-1: 3-RUN HOME RUN (Flyball, 9LD, EV 95.6 MPH), Distance : 345 ft
|
|
Batting: RHB Yuichi Matsuoka
|
0-0: Called Strike 0-1: Called Strike 0-2: Strikes out swinging
|
| Top of the 3rd over - 4 runs, 2 hits, 0 errors, 0 left on base; Milwaukee 4 - Miami 0 |
| BOTTOM OF THE 3RD |
|
Miami Marlins batting - Pitching for Milwaukee Brewers : RHP Mekonen Mahfudh
|
|
Batting: RHB Seth Tramontano
|
0-0: Called Strike 0-1: Ball 1-1: Swinging Strike 1-2: Fly out, F4 (Popup, 34, EV 77.5 MPH)
|
|
Batting: RHB Josh Crenwelge
|
0-0: Ball 1-0: Foul Ball, location: 2F 1-1: Ground out 4-3 (Groundball, 34, EV 86.2 MPH)
|
|
Batting: RHB Jeff Garofalo
|
0-0: Ball 1-0: Ball 2-0: Foul Ball, location: 2F 2-1: Fly out, F8 (Line Drive, 8RM, EV 93.1 MPH)
|
| Bottom of the 3rd over - 0 runs, 0 hits, 0 errors, 0 left on base; Milwaukee 4 - Miami 0 |
| TOP OF THE 4TH |
|
Milwaukee Brewers batting - Pitching for Miami Marlins : LHP Dan Tapley
|
|
Batting: RHB Cody Flowers
|
0-0: Called Strike 0-1: Ground out 2-3 (Groundball, 13S, EV 70.0 MPH)
|
|
Batting: LHB Jeremy Kuiper
|
0-0: Ball 1-0: Ball 2-0: Fly out, F7 (Flyball, 7S, EV 87.5 MPH)
|
|
Batting: SHB Jean-François Bernard
|
0-0: Called Strike 0-1: Foul Ball, location: 2F 0-2: Ball 1-2: Ground out 6-3 (Groundball, 6, EV 90.0 MPH)
|
| Top of the 4th over - 0 runs, 0 hits, 0 errors, 0 left on base; Milwaukee 4 - Miami 0 |
| BOTTOM OF THE 4TH |
|
Miami Marlins batting - Pitching for Milwaukee Brewers : RHP Mekonen Mahfudh
|
|
Batting: RHB Micah Christopher
|
0-0: Called Strike 0-1: Ball 1-1: SINGLE (Groundball, 4MD, EV 103.8 MPH)
|
|
Batting: SHB Matt Altieri
|
0-0: Foul Ball, location: 2F 0-1: Fly out, F7 (Line Drive, 7, EV 101.9 MPH)
|
|
Batting: LHB Andre Gorter
|
0-0: Called Strike 0-1: Swinging Strike 0-2: Ball 1-2: Strikes out swinging
|
|
Batting: RHB Jimmy Groseclose
|
0-0: Ground out 5-3 (Groundball, 56S, EV 86.9 MPH)
|
| Bottom of the 4th over - 0 runs, 1 hit, 0 errors, 1 left on base; Milwaukee 4 - Miami 0 |
| TOP OF THE 5TH |
|
Milwaukee Brewers batting - Pitching for Miami Marlins : LHP Dan Tapley
|
|
Batting: RHB Noah Stanley
|
0-0: Called Strike 0-1: Ball 1-1: Fly out, F8 (Flyball, 8LM, EV 88.8 MPH)
|
|
Batting: LHB Antonio Diaz
|
0-0: Foul Ball, location: 2F 0-1: Fly out, F9 (Flyball, 89D, EV 89.4 MPH)
|
|
Batting: SHB Pat Wilson
|
0-0: Foul Ball, location: 2F 0-1: Ball 1-1: Swinging Strike 1-2: Foul Ball, location: 2F 1-2: Foul Ball, location: 2F 1-2: Ball 2-2: SINGLE (Groundball, 56S, EV 65.0 MPH) (infield hit)
|
|
Batting: RHB Daniel Donovan
|
0-0: Swinging Strike 0-1: Ball 1-1: Foul Ball, location: 2F 1-2: Ball 2-2: Strikes out looking
|
| Top of the 5th over - 0 runs, 1 hit, 0 errors, 1 left on base; Milwaukee 4 - Miami 0 |
| BOTTOM OF THE 5TH |
|
Miami Marlins batting - Pitching for Milwaukee Brewers : RHP Mekonen Mahfudh
|
|
Batting: RHB Justin Huff
|
0-0: Called Strike 0-1: Ball 1-1: Ground out 6-3 (Groundball, 6, EV 77.5 MPH)
|
|
Batting: RHB Roger Salazar
|
0-0: Ball 1-0: Ball 2-0: Called Strike 2-1: Foul Ball, location: 2F 2-2: Ball 3-2: Base on Balls
|
|
Batting: RHB Seth Tramontano
|
0-0: Fielders Choice at 2nd, 3-6 (Groundball, 34, EV 83.1 MPH)
|
|
Batting: RHB Josh Crenwelge
|
0-0: Ball 1-0: Called Strike 1-1: Ball Pickoff Throw by Catcher to First - Error! E2 Seth Tramontano to second 2-1: Swinging Strike 2-2: SINGLE (Groundball, 6MS, EV 98.8 MPH) Seth Tramontano to third Runner from 3rd tries for Home, SAFE, throw by CF to home
|
|
Batting: RHB Jeff Garofalo
|
0-0: Called Strike 0-1: Called Strike Josh Crenwelge steals 2nd base 0-2: Ball 1-2: Foul Ball, location: 2F 1-2: Ball 2-2: Fly out, F8 (Flyball, 78XD, EV 97.5 MPH)
|
| Bottom of the 5th over - 1 run, 1 hit, 1 error, 1 left on base; Milwaukee 4 - Miami 1 |
| TOP OF THE 6TH |
|
Milwaukee Brewers batting - Pitching for Miami Marlins : LHP Dan Tapley
|
|
Batting: RHB Bobby Muniz
|
0-0: SINGLE (Flyball, 3D, EV 88.8 MPH)
|
|
Batting: RHB Yuichi Matsuoka
|
0-0: Called Strike 0-1: Foul Ball, location: 2F 0-2: SINGLE (Line Drive, 78S, EV 85.0 MPH) Bobby Muniz to second
|
|
Batting: RHB Cody Flowers
|
0-0: Ball 1-0: Swinging Strike 1-1: Swinging Strike 1-2: Fielders Choice at 2nd, 3-6 (Groundball, 34S, EV 88.1 MPH) Bobby Muniz to third
|
|
Batting: LHB Jeremy Kuiper
|
0-0: Ball 1-0: Swinging Strike 1-1: Called Strike 1-2: Ball 2-2: Foul Ball, location: 2F 2-2: Fly out, F8 (Flyball, 89D, EV 104.4 MPH) Runner from 3rd tags up, SCORES, throw by CF
|
|
Pitching: RHP Brian Glover
|
|
|
Batting: SHB Jean-François Bernard
|
0-0: Ball 1-0: Called Strike Cody Flowers is caught stealing 2nd base 2-6
|
| Top of the 6th over - 1 run, 2 hits, 0 errors, 0 left on base; Milwaukee 5 - Miami 1 |
| BOTTOM OF THE 6TH |
|
Miami Marlins batting - Pitching for Milwaukee Brewers : RHP Mekonen Mahfudh
|
|
Batting: RHB Micah Christopher
|
0-0: Ball 1-0: Ground out 1-3 (Groundball, 25, EV 70.0 MPH)
|
|
Batting: SHB Matt Altieri
|
0-0: Called Strike 0-1: Foul Ball, location: 2F 0-2: Foul Ball, location: 2F 0-2: Ball 1-2: Foul Ball, location: 2F 1-2: Fly out, F7 (Flyball, 78S, EV 95.6 MPH)
|
|
Batting: LHB Andre Gorter
|
0-0: Called Strike 0-1: Called Strike 0-2: Fly out, F9 (Flyball, 9D, EV 96.2 MPH)
|
| Bottom of the 6th over - 0 runs, 0 hits, 0 errors, 0 left on base; Milwaukee 5 - Miami 1 |
| TOP OF THE 7TH |
|
Milwaukee Brewers batting - Pitching for Miami Marlins : RHP Brian Glover
|
|
Batting: SHB Jean-François Bernard
|
0-0: Foul Ball, location: 2F 0-1: Ground out 3-1 (Groundball, 34S, EV 80.0 MPH)
|
|
Batting: RHB Noah Stanley
|
0-0: Foul Ball, location: 2F 0-1: SINGLE (Groundball, 5S, EV 65.6 MPH) (infield hit)
|
|
Batting: LHB Antonio Diaz
|
0-0: DOUBLE (Flyball, 78XD, EV 104.4 MPH) Noah Stanley to third
|
|
Batting: SHB Pat Wilson
|
0-0: Ball 1-0: Ball 2-0: Ball 3-0: Base on Balls
|
|
Batting: RHB Daniel Donovan
|
0-0: Foul Ball, location: 2F 0-1: Ball 1-1: Foul Ball, location: 2F 1-2: SINGLE (Groundball, 6MD, EV 93.8 MPH) Noah Stanley scores Antonio Diaz to third Pat Wilson to second Runner from 3rd tries for Home, SAFE, throw by CF to home
|
|
Batting: RHB Bobby Muniz
|
0-0: Ball 1-0: Called Strike 1-1: Foul Ball, location: 2F 1-2: Ball 2-2: Grounds into double play, 6-4-3 (Groundball, 56, EV 90.6 MPH)
|
| Top of the 7th over - 2 runs, 3 hits, 0 errors, 1 left on base; Milwaukee 7 - Miami 1 |
| BOTTOM OF THE 7TH |
|
Miami Marlins batting - Pitching for Milwaukee Brewers : RHP Mekonen Mahfudh
|
|
Batting: RHB Jimmy Groseclose
|
0-0: Ball 1-0: Ball 2-0: Fly out, F4 (Flyball, 34D, EV 80.0 MPH)
|
|
Batting: RHB Justin Huff
|
0-0: Ball 1-0: Foul Ball, location: 2F 1-1: Called Strike 1-2: Ball 2-2: Strikes out looking
|
|
Batting: RHB Roger Salazar
|
0-0: Called Strike 0-1: Ball 1-1: Ball 2-1: Called Strike 2-2: Foul Ball, location: 2F 2-2: Strikes out looking
|
| Bottom of the 7th over - 0 runs, 0 hits, 0 errors, 0 left on base; Milwaukee 7 - Miami 1 |
| TOP OF THE 8TH |
|
Milwaukee Brewers batting - Pitching for Miami Marlins : RHP Brian Glover
|
|
Batting: RHB Yuichi Matsuoka
|
0-0: Ground out 5-3 (Groundball, 5L, EV 79.4 MPH)
|
|
Batting: RHB Cody Flowers
|
0-0: Foul Ball, location: 2F 0-1: Ball 1-1: Swinging Strike 1-2: Foul Ball, location: 2F 1-2: Strikes out swinging
|
|
Batting: LHB Jeremy Kuiper
|
0-0: Called Strike 0-1: Swinging Strike 0-2: Ground out U3 (Groundball, 34S, EV 84.4 MPH)
|
| Top of the 8th over - 0 runs, 0 hits, 0 errors, 0 left on base; Milwaukee 7 - Miami 1 |
| BOTTOM OF THE 8TH |
|
Miami Marlins batting - Pitching for Milwaukee Brewers : RHP Mekonen Mahfudh
|
|
Batting: RHB Seth Tramontano
|
0-0: Called Strike 0-1: Ball 1-1: Ground out 6-3 (Groundball, 6, EV 111.9 MPH)
|
|
Batting: RHB Josh Crenwelge
|
0-0: Ball 1-0: Ball 2-0: Ball 3-0: Base on Balls
|
|
Pitching: RHP Josh Kenyon
|
|
|
Batting: RHB Jeff Garofalo
|
0-0: Ball 1-0: Called Strike 1-1: Foul Ball, location: 2F 1-2: Ball 2-2: Foul Ball, location: 2F 2-2: Ball 3-2: Grounds into double play, 5-4-3 (Groundball, 56, EV 105.6 MPH)
|
| Bottom of the 8th over - 0 runs, 0 hits, 0 errors, 0 left on base; Milwaukee 7 - Miami 1 |
| TOP OF THE 9TH |
|
Milwaukee Brewers batting - Pitching for Miami Marlins : RHP Brian Glover
|
|
Pitching: RHP Travis Small
|
|
|
Batting: SHB Jean-François Bernard
|
0-0: Called Strike 0-1: Foul Ball, location: 2F 0-2: Strikes out looking
|
|
Batting: RHB Noah Stanley
|
0-0: Swinging Strike 0-1: Foul Ball, location: 2F 0-2: Ground out 4-3 (Groundball, 4M, EV 90.0 MPH)
|
|
Batting: LHB Antonio Diaz
|
0-0: Ball 1-0: Called Strike 1-1: Foul Ball, location: 2F 1-2: Fly out, F9 (Flyball, 89S, EV 87.5 MPH)
|
| Top of the 9th over - 0 runs, 0 hits, 0 errors, 0 left on base; Milwaukee 7 - Miami 1 |
| BOTTOM OF THE 9TH |
|
Miami Marlins batting - Pitching for Milwaukee Brewers : RHP Josh Kenyon
|
|
Batting: RHB Micah Christopher
|
0-0: Ball 1-0: Ground out 5-3 (Groundball, 56, EV 85.0 MPH)
|
|
Batting: SHB Matt Altieri
|
0-0: Ball 1-0: Ball 2-0: Ball 3-0: Base on Balls
|
|
Batting: LHB Andre Gorter
|
0-0: Foul Ball, location: 2F 0-1: Ball 1-1: Called Strike 1-2: Ball 2-2: Ball 3-2: Foul Ball, location: 2F 3-2: Fly out, F8 (Line Drive, 8LM, EV 110.0 MPH)
|
|
Batting: RHB Jimmy Groseclose
|
0-0: Called Strike 0-1: Ball 1-1: Ball 2-1: Foul Ball, location: 2F 2-2: Ball 3-2: Strikes out swinging
|
| Bottom of the 9th over - 0 runs, 0 hits, 0 errors, 1 left on base; Milwaukee 7 - Miami 1 |
|